AoeStats
← GonzArg

Arena

504611753Analyzed
1v1 RM · 26d ago on Sep 5, 2026· 35m 8s· 2 players
Game mode
Random Map
Map size
Tiny (2 player)
Population
200
Speed
Normal
Resources
Standard
Victory
Conquest
Starting age
Dark Age
Ending age
Imperial Age
RankedLock teamsTeams togetherTeam positionsShared explorationLock speedFull tech treeHidden civsTurbo modeCheats
Victory
Defeat
🇺🇸 Mongols · United States
837
+16
🇦🇷 Tatars · Argentina
829
-16
GonzArg
9:42 Feudal Age
7:58 Loom
10:11 Town Watch
10:20 Double-Bit Axe
10:39 Horse Collar
18:40 Castle Age
19:15 Stone Mining
19:19 Fletching
20:19 Town Patrol
21:31 Wheelbarrow
21:03 Bodkin Arrow
26:05 Fervor
27:10 Heavy Plow
28:09 Gold Mining
31:38 Imperial Age
30:05 Ballistics
33:19 Gold Shaft Mining
33:22 Bracer
they call me imp
9:54 Feudal Age
10:59 Double-Bit Axe
12:33 Loom
15:21 Castle Age
14:39 Horse Collar
16:12 Bow Saw
19:40 Stone Mining
27:10 Wheelbarrow
28:19 Heavy Plow
29:21 Hand Cart
32:00 Imperial Age
29:58 Fletching
30:37 Padded Archer Armor
30:35 Bodkin Arrow
31:39 Gold Mining
32:28 Stone Shaft Mining
34:05 Gold Shaft Mining
Connection lost

Rejoining the realm…

Still unreachable

The connection could not be restored.

Session expired

The server has moved on; the page needs a fresh start.